 Dungeon Crawl Stone Soup version 0.31-a0-166-g46f44d267d (webtiles) character file.

Game seed: 2475430320051456893

149 Gargoyl the Chopper (level 5, -1/33 HPs)
             Began as a Gargoyle Berserker on June 14, 2023.
             Was a Believer of Trog.
             Slain by a quasit (2 damage)
             ... on level 1 of the Abyss.
             The game lasted 00:02:52 (1178 turns).

Gargoyl the Chopper (Gargoyle Berserker)            Turns: 1178, Time: 00:02:52

Health: -1/33      AC:  6    Str: 20      XL:     5   Next: 31%
Magic:  5/5        EV: 12    Int:  8      God:    Trog [**....]
Gold:   98         SH:  0    Dex: 10 (11) Spells: 4/4 levels left

rFire   . . .        e - +0 war axe
rCold   . . .        (no shield)
rNeg    + . .        b - +0 animal skin
rPois   ∞            (no helmet)
rElec   +            (no cloak)
rCorr   .            (no gloves)
SInv    .            (no boots)
Will    .....        (no amulet)
Stlth   +            (no ring)
HPRegen 0.25/turn    (no ring)
MPRegen 0.09/turn

%: no passive effects
@: no status effects
A: sickness immunity, AC +4, negative energy resistance 1, electricity
resistance, torment resistance 1, petrification resistance
a: Renounce Religion, Berserk, Trog's Hand


You were on level 1 of the Abyss.
You worshipped Trog.
Trog was pleased with you.
You visited 1 branch of the dungeon, and saw 3 of its levels.
You visited the Abyss 1 time.

You collected 98 gold pieces.

Inventory:

Hand Weapons
 a - a +0 hand axe
 e - a +0 war axe (weapon)
Armour
 b - a +0 animal skin (worn)
Scrolls
 d - 2 scrolls of identify
Potions
 c - a potion of resistance {unknown}
 f - a potion of magic {unknown}
 g - a potion of heal wounds {unknown}


   Skills:
 + Level 4.2 Fighting
 + Level 4.4 Axes
 + Level 2.2 Armour
 + Level 2.1 Dodging


You had 4 spell levels left.
You didn't know any spells.
Your spell library was empty.

Dungeon Overview and Level Annotations

Branches:
Dungeon (3/15)

Altars:

Annotations:
D:2 Robin, Sigmund
D:3 Natasha


Innate Abilities, Weirdness & Mutations

You are immune to sickness and miasma.
Your stone body is resilient. (AC +4)
You are immune to poison.
You resist negative energy. (rN+)
You are resistant to electric shocks. (rElec)
You are resistant to unholy torment.
You are immune to petrification.


Message History

You closely miss the will-o-the-wisp.
The will-o-the-wisp is moderately damaged.
You hit the quasit. The quasit misses you.
The quasit claws you but does no damage.
The quasit closely misses you.
A starcursed mass splits.
The will-o-the-wisp closely misses you.
Unknown command.
You hit the will-o-the-wisp but do no damage.
The will-o-the-wisp is moderately damaged.
You hit the starcursed mass. You hit the quasit.
The starcursed mass shudders and is absorbed by its neighbour.
The quasit bites you but does no damage.
The quasit misses you. The quasit closely misses you.
A great orb of eyes comes into view.
A starcursed mass splits.
The will-o-the-wisp barely misses you. The quasit misses you.
The quasit barely misses you. x2
A starcursed mass splits.
The great orb of eyes turns its gaze towards you.
You hit the will-o-the-wisp.
The will-o-the-wisp is moderately damaged.
You miss the quasit.
The quasit bites you but does no damage.
The quasit claws you but does no damage. x2
A starcursed mass splits.
The will-o-the-wisp engulfs you. A chorus of shrieks assaults your mind.
The quasit bites you but does no damage.
The quasit claws you but does no damage.
The quasit claws you.
The will-o-the-wisp gestures.
The will-o-the-wisp conjures some foxfire! 2 foxfires come into view.
You hit the will-o-the-wisp but do no damage.
The will-o-the-wisp is moderately damaged.
You hit the starcursed mass but do no damage.
You hit the quasit. You hit the foxfire. The foxfire hits you!
Ouch! That really hurt!
* * * LOW HITPOINT WARNING * * *
The quasit bites you but does no damage.
The quasit claws you.
You die...

### ...
#.# #.#
#.####
###5v#..
#§@#§.#
#Xv#.
#X##§.#
#X##...#
#.# #
.#.. #X#
...#.#
.G# ...
..# ...
##..# .#
.# ..#.
#


You could see 4 starcursed masses, a great orb of eyes, a will-o-the-wisp and a
quasit.

Vanquished Creatures
  An orc priest (D:3)
  Natasha (twice) (D:3)
  2 gnolls (D:1)
  A worm (D:2)
  4 orcs (D:3)
  3 endoplasms
  3 giant cockroaches
  7 goblins
  A hobgoblin (D:1)
  2 quokkas
  3 ball pythons
  2 bats (D:1)
  2 frilled lizards (D:1)
  8 kobolds
  4 rats
45 creatures vanquished.

Vanquished Creatures (others)
  A foxfire (Abyss:1)
1 creature vanquished.

Grand Total: 46 creatures vanquished

Notes
Turn   | Place    | Note
-------+----------+-------------------------------------------
     0 | D:1      | Gargoyl the Gargoyle Berserker began the quest for the Orb.
     0 | D:1      | Reached XP level 1. HP: 14/14 MP: 1/1
    79 | D:1      | Reached XP level 2. HP: 19/19 MP: 2/2
   411 | D:1      | Reached XP level 3. HP: 24/24 MP: 3/3
   558 | D:1      | Reached ** piety under Trog
   951 | D:2      | Noticed Sigmund
   986 | D:3      | Reached XP level 4. HP: 29/29 MP: 4/4
  1017 | D:2      | Noticed Natasha
  1017 | D:2      | Noticed Robin
  1024 | D:3      | Killed Natasha
  1025 | D:3      | Reached XP level 5. HP: 23/33 MP: 5/5
  1058 | D:3      | Noticed Natasha
  1064 | D:3      | Killed Natasha
  1077 | D:3      | Noticed Natasha
  1080 | Abyss:1  | Cast into level 1 of the Abyss (kobold)
  1145 | Abyss:1  | Noticed an ice devil
  1169 | Abyss:1  | Noticed a will-o-the-wisp
  1170 | Abyss:1  | Noticed a starcursed mass
  1176 | Abyss:1  | Noticed a great orb of eyes
  1178 | Abyss:1  | HP: 1/33 [will-o-the-wisp/foxfire (17)]
  1178 | Abyss:1  | Slain by a quasit

Illustrated notes

Levels and vault maps discovered:
D:1:      dpeg_arrival_arbitrary_c, layout_loops_cross,
          chequers_serial_rivers_micro_b
D:2:      layout_basic, chequers_mini_garden, grunt_ministairs_1, uniq_sigmund,
          uniq_natasha, uniq_robin
D:3:      layout_loops_cross, corner_web_ring, minmay_misc_feat_tiny
Abyss:1:  base: Temple, hangedman_abyss_shoalhut

Skill      XL: |  1  2  3  4 |
---------------+-------------+-----
Axes           | 3 4 |  4.4
Fighting       | 4 |  4.2
Dodging        | 2 |  2.1
Armour         | |  2.2

Action                     |  1- 3 |  4- 6 || total
---------------------------+-------+-------++-------
  Melee: Hand axe          |    53 |       ||    53
         Punch             |     1 |       ||     1
         War axe           |    26 |    24 ||    50
 Invoke: Berserk           |     3 |       ||     3
    Use: Scroll            |     2 |     1 ||     3
 Armour: Animal skin       |    33 |    19 ||    52
  Dodge: Dodged            |    59 |    31 ||    90

Table legend: (Time is in decaauts)
 A = Elapsed time spent in this place.
 B = Non-inter-level travel time spent in this place.
 C = Inter-level travel time spent in this place.
 D = Time resting spent in this place.
 E = Time spent auto-exploring this place.
 F = Levels seen in this place.
 G = Mean time per level.
                   A        B        C        D        E       F      G
               +--------+--------+--------+--------+--------+-----+--------+
         Total |   1239 |   1207 |     32 |     27 |    763 |   4 |  309.8 |
       Dungeon |   1136 |   1104 |     32 |     27 |    701 |   3 |  378.7 |
         Abyss |    103 |    103 |      0 |      0 |     61 |   1 |  103.0 |
               +--------+--------+--------+--------+--------+-----+--------+

Top non-repeatable levels by time:
     D:1: 832 daAuts
     D:2: 174 daAuts
     D:3: 129 daAuts
 Abyss:1: 103 daAuts
